 Dungeon Crawl Stone Soup version 0.29.0-15-g675c0067aa (webtiles) character file.

Game seed: 7399648163123217980

3728 SensoryNuts the Covert (level 9, -2/109 HPs)
             Began as a Vampire Brigand on Sept 11, 2022.
             Slain by a yak (7 damage)
             ... on level 7 of the Dungeon.
             The game lasted 00:11:19 (7679 turns).

SensoryNuts the Covert (Vampire Brigand)            Turns: 7679, Time: 00:11:20

Health: -2/109     AC: 17    Str: 10    XL:     9   Next: 92%
Magic:  9/9        EV:  3    Int: 13    God:
Gold:   279        SH:  0    Dex: 20    Spells: 8/8 levels left

rFire   . . .      SeeInvis +   f - +0 dagger (venom)
rCold   . . .      Faith    .   (no shield)
rNeg    . . .      Spirit   .   z - +0 plate armour
rPois   .          Reflect  .   h - +0 helmet
rElec   .          Harm     .   c - +2 cloak
rCorr   .          Rampage  .   (no gloves)
Will    .....      Rage     3%  o - +0 pair of boots
Stlth   ..........              u - amulet of the acrobat
HPRegen 0.48/turn               (no ring)
MPRegen 0.11/turn               (no ring)

@: berserking, healing quickly, very quick
A: alive, fangs 3, see invisible, vampiric 2, berserk 1, robust 1
a: Exsanguinate


You were on level 7 of the Dungeon.
You visited 2 branches of the dungeon, and saw 9 of its levels.

You collected 279 gold pieces.

Inventory:

Hand Weapons
 a - a +2 dagger
 f - a +0 dagger of venom (weapon)
Missiles
 d - 21 poisoned darts (quivered)
 e - 4 curare-tipped darts
Armour
 b - a +0 robe
 c - a +2 cloak (worn)
 h - a +0 helmet (worn)
 o - a +0 pair of boots (worn)
 s - a +3 leather armour of fire resistance
 z - a +0 plate armour (worn)
Jewellery
 j - a ring of flight
 m - a ring of wizardry
 t - a ring of fire
 u - an amulet of the acrobat (around neck)
 x - a +4 ring of slaying
Scrolls
 g - a scroll of vulnerability
 q - a scroll of identify
 r - a scroll of amnesia
 v - 2 scrolls of fog
Potions
 k - a potion of mutation
 n - a potion of flight
 p - 2 potions of brilliance


   Skills:
 + Level 4.8 Fighting
 + Level 7.7 Short Blades
 + Level 1.5 Throwing
 + Level 4.3 Armour
 + Level 5.9 Dodging
 * Level 14.3 Stealth


You had 8 spell levels left.
You didn't know any spells.
Your spell library contained the following spells:

 Spells                   Type           Power      Damage    Failure   Level
 Blink                    Tloc           0%         N/A       100%        2
 Sublimation of Blood     Necr           0%         N/A       100%        2
 Dazzling Flash           Conj/Hex       0%         N/A       100%        3
 Frozen Ramparts          Ice            0%         1d1       100%        3
 Lesser Beckoning         Tloc           0%         N/A       100%        3
 Ice Form                 Ice/Tmut       0%         N/A       100%        4
 Iskenderun's Mystic Bla  Conj/Tloc      0%         2d3       100%        4
 Petrify                  Tmut/Erth      0%         N/A       100%        4
 Summon Ice Beast         Ice/Summ       0%         N/A       100%        4
 Irradiate                Conj/Tmut      0%         3d11      100%        5
 Manifold Assault         Tloc           0%         N/A       100%        5
 Starburst                Conj/Fire      0%         6d3       100%        6


Dungeon Overview and Level Annotations

Branches:
Dungeon (8/15)             Temple (1/1) D:4
   Lair: D:8-11

Altars:
Ashenzari
Cheibriados
Dithmenos
Fedhas
Gozag
Hepliaklqana
Kikubaaqudgha
Makhleb
Nemelex Xobeh
Okawaru
Ru
Sif Muna
Trog
Vehumet
Wu Jian
Xom
Yredelemnul

Shops:
D:4 =


Innate Abilities, Weirdness & Mutations

Your natural rate of healing is accelerated.
You have razor-sharp teeth.
You have supernaturally acute eyesight. (SInv)
You are afflicted with vampirism and can become a bat while bloodless.
You sometimes lose your temper in combat.
You are robust. (+10% HP)


Message History

You completely miss the bullfrog. You bite the bullfrog.
The bullfrog is moderately wounded.
The bullfrog hits you.
* * * LOW HITPOINT WARNING * * *
You hit the bullfrog but do no damage.
The bullfrog is moderately wounded.
The bullfrog hits you.
* * * LOW HITPOINT WARNING * * *
You closely miss the bullfrog.
You bite the bullfrog, but do no damage.
The bullfrog is moderately wounded.
The bullfrog hits you but does no damage.
A red film seems to cover your vision as you go berserk!
You feel yourself moving faster!
You feel mighty!
You puncture the bullfrog!
The bullfrog is severely wounded.
The bullfrog barely misses you.
You closely miss the bullfrog.
The bullfrog is severely wounded.
You puncture the bullfrog!
You kill the bullfrog!
You puncture the yak!
The yak is poisoned.
The yak is moderately wounded.
You closely miss the yak.
The yak is moderately wounded.
The yak gores you.
* * * LOW HITPOINT WARNING * * *
You hit the yak but do no damage.
The yak looks as sick as possible!
The yak is moderately wounded.
You puncture the yak!
The yak looks as sick as possible!
You bite the yak!
The yak is severely wounded.
You hit the yak.
The yak looks as sick as possible!
The yak is almost dead.
The yak gores you!
* * * LOW HITPOINT WARNING * * *
You barely miss the yak.
The yak is almost dead.
You hit the yak but do no damage. Your bite misses the yak.
The yak is almost dead.
The yak gores you!
You die...

#### ###..#### #######....##.#
##..#.......#..### ##
#..........##....## .#
#....<...)>##..##.#
.#####..##.....Y@..##<##
..>.###..#.....##......###
.#..#....................#
.#...#......#...........##
.###..(..................#
........##..............##
........#...............######
.........................#...#
#...........##...............#


You could see a yak (extremely poisoned).

Vanquished Creatures
  Sigmund (D:5)
  A yak (D:6)
  A wyvern (D:8)
  Menkaure (D:4)
  A water moccasin (D:7)
  3 orc warriors
  An ice beast (D:7)
  2 black bears
  2 sky beasts (D:7)
  4 ogres
  2 centaurs (D:8)
  A kobold brigand (D:6)
  2 necrophages
  Blork the orc (D:4)
  3 scorpions
  3 bullfrogs (D:7)
  An electric eel (D:6)
  9 howler monkeys
  2 gnoll boudas
  3 hounds
  3 jellies
  2 orc priests
  3 orc wizards
  4 iguanas
  11 gnolls
  12 adders
  2 shadow imps (D:5)
  An ufetubus (D:5)
  A dart slug (D:3)
  16 orcs
  5 ball pythons
  4 bats
  8 endoplasms
  5 giant cockroaches
  6 goblins
  7 hobgoblins
  6 quokkas
  3 frilled lizards
  11 kobolds
  4 rats
158 creatures vanquished.

Notes
Turn   | Place    | Note
-------+----------+-------------------------------------------
     0 | D:1      | SensoryNuts the Vampire Brigand began the quest for the
                  | Orb.
     0 | D:1      | Reached XP level 1. HP: 16/16 MP: 1/1
    23 | D:1      | Reached skill level 6 in Stealth
   126 | D:1      | Reached XP level 2. HP: 22/22 MP: 2/2
   426 | D:1      | Found a faded altar of an unknown god.
   453 | D:1      | Reached skill level 7 in Stealth
   942 | D:2      | Gained mutation: You are afflicted with vampirism and can
                  | become a bat while bloodless. [Vampire growth]
   942 | D:2      | Reached XP level 3. HP: 18/27 MP: 3/3
  1110 | D:2      | Reached skill level 8 in Stealth
  1747 | D:3      | Noticed an ogre
  1754 | D:3      | Killed an ogre
  1755 | D:3      | Reached skill level 9 in Stealth
  1755 | D:3      | Reached XP level 4. HP: 33/33 MP: 4/4
  1755 | D:3      | Reached XP level 5. HP: 38/38 MP: 5/5
  2369 | D:3      | Gained mutation: You are clumsy. (Dex -2) [potion of
                  | mutation]
  2369 | D:3      | Gained mutation: You expend magic power (3 MP) to
                  | strengthen your wands. [potion of mutation]
  2369 | D:3      | Lost mutation: You are clumsy. (Dex -2) [potion of
                  | mutation]
  2556 | D:4      | Noticed Blork the orc
  2557 | D:4      | Killed Blork the orc
  2558 | D:4      | Reached skill level 10 in Stealth
  2558 | D:4      | Reached XP level 6. HP: 44/44 MP: 6/6
  2758 | D:4      | Reached skill level 1 in Armour
  2847 | D:4      | Reached XP level 7. HP: 51/51 MP: 7/7
  2847 | D:4      | Lost mutation: You expend magic power (3 MP) to strengthen
                  | your wands. [potion of mutation]
  2847 | D:4      | Gained mutation: You are occasionally teleported next to
                  | monsters. [potion of mutation]
  2847 | D:4      | Lost mutation: You are occasionally teleported next to
                  | monsters. [potion of mutation]
  2847 | D:4      | Gained mutation: You have a pair of small antennae on your
                  | head. [potion of mutation]
  2847 | D:4      | Gained mutation: You are strong-willed. (Will+) [potion of
                  | mutation]
  2889 | D:4      | Found a sacrificial altar of Ru.
  2945 | D:4      | Lost mutation: You are strong-willed. (Will+) [potion of
                  | mutation]
  2945 | D:4      | Lost mutation: You have a pair of small antennae on your
                  | head. [potion of mutation]
  2945 | D:4      | Gained mutation: You sometimes lose your temper in combat.
                  | [potion of mutation]
  2945 | D:4      | Gained mutation: You are robust. (+10% HP) [potion of
                  | mutation]
  3589 | D:4      | Reached skill level 11 in Stealth
  3621 | D:4      | Found Gumeju's Jewellery Boutique.
  3987 | D:4      | Found a staircase to the Ecumenical Temple.
  4007 | Temple   | Entered the Ecumenical Temple
  4313 | D:5      | Entered Level 5 of the Dungeon
  4313 | D:5      | Noticed Menkaure
  4338 | D:4      | HP: 3/76 [Menkaure/nerve-wracking pain (8)]
  4339 | D:4      | Killed Menkaure
  4581 | D:5      | Reached XP level 8. HP: 35/57 MP: 8/8
  4828 | D:5      | Reached skill level 5 in Short Blades
  4946 | D:5      | Noticed Sigmund
  4967 | D:5      | Killed Sigmund
  4968 | D:5      | Reached skill level 12 in Stealth
  5961 | D:6      | Found a basalt altar of Yredelemnul.
  6337 | D:7      | Reached skill level 13 in Stealth
  6386 | D:7      | Reached XP level 9. HP: 71/71 MP: 9/9
  6742 | D:7      | Reached skill level 5 in Dodging
  7178 | D:8      | Noticed a two-headed ogre
  7196 | D:8      | Reached skill level 14 in Stealth
  7645 | D:6      | HP: 1/72 [yak (6)]
  7677 | D:7      | HP: 4/109 [yak (9)]
  7679 | D:7      | Slain by a yak

Illustrated notes

Levels and vault maps discovered:
D:1:      ebering_trefoil_3fold, layout_rooms,
          dreamdust_ecumenical_altar_hidden_monk_grotto, st_stairs_1,
          minmay_door_square
D:2:      layout_loops_ring, st_stairs_7
D:3:      minmay_chambers_of_twos, layout_basic, minmay_misc_feat_tower
D:4:      layout_cave_pools, nicolae_ru_sacrificial_ziggurat,
          lemuel_temple_firewalk_b, serial_shops, nicolae_shop_statue_plus,
          uniq_blork_the_orc
D:5:      layout_basic, uniq_sigmund, uniq_menkaure
D:6:      layout_loops_ring, nicolae_overflow_hidden_temple, minivault_14
D:7:      layout_cave_pools
D:8:      layout_loops_cross, gammafunk_ghost_split, serial_shops,
          nicolae_shop_behind_doors, kennysheep_minor_cross,
          nicolae_concentric_dashed_squares_mild, grunt_ministairs_1,
          nicolae_fountain_basement
Temple:   mainiacjoe_temple_bowtie_tessellation

Skill      XL: |  1  2  3  4  5  6  7  8  9 |
---------------+----------------------------+-----
Stealth        | 6 7 9 10 11 13 14 | 14.3
Fighting       | 2 3 4 |  4.8
Short Blades   | 3 4 5 7 |  7.7
Dodging        | 2 3 4 5 |  5.9
Armour         | 1 2 3 4 |  4.3
Throwing       | |  1.5

Action                   |  1- 3 |  4- 6 |  7- 9 || total
-------------------------+-------+-------+-------++-------
Melee: Dagger            |    98 |    95 |   483 ||   676
       Bite              |     8 |    13 |    81 ||   102
       Punch             |     1 |     1 |    10 ||    12
 Abil: Exsanguinate      |       |       |     1 ||     1
       Revivify          |       |       |     1 ||     1
  Use: Scroll            |     8 |     3 |    11 ||    22
       Potion            |       |     4 |     8 ||    12
 Stab: Sleeping          |    15 |     5 |    10 ||    30
       Distracted        |       |       |     2 ||     2
Armor: Robe              |    30 |       |       ||    30
       Leather armour    |       |    36 |   124 ||   160
       Plate armour      |       |       |    39 ||    39
Dodge: Dodged            |    52 |    58 |   367 ||   477
